cohdb
Replays
Latest Replays
All Replays
Popular Replays
Top Player Replays
Match Explorer
How It Works
Community
CoH3 Stats
Reddit
Sign in to upload your games and track your stats! →
Sign in with Steam
Match 42430245
Unlisted
Match 42430245
Overview
Messages
Build Orders
End
Selects 2.5-tonne Cargo Truck
Selects Blitzkrieg
Construct Infanterie Kompanie
Selects Panzer IV Command Tank Sd.Kfz. 161/1
Selects Assault Grenadiers
Selects Breakthrough
Selects Incendiary Bombing Run
Panzer IV Command Tank
Grenadier Squad
Grenadier Squad
Construct Luftwaffe Kompanie
Jäger Squad
Pioneer Squad
Medical Station
Support Elements
Incendiary Bombing Run
Wirbelwind Flakpanzer
Pioneer Squad
Incendiary Bombing Run
Marder III M Tank Destroyer
Pioneer Squad
Incendiary Bombing Run
Side Skirts
Incendiary Bombing Run
Marder III M Tank Destroyer
Incendiary Bombing Run
Marder III M Tank Destroyer
Incendiary Bombing Run
Selects Luftwaffe Battlegroup
Selects Breakthrough Battlegroup
CPU: facile
BIOHAZARD
Gorgolo
CPU: facile
qZeto
0
0
Comments
sign in to comment!
No comments posted yet!